 Dungeon Crawl Stone Soup version 0.30-a0-728-gc68057be0a (webtiles) character file.

Game seed: 16621221049861216188

36 BigDaddyOpFi the Conjurer (level 3, -3/21 HPs)
             Began as an Octopode Conjurer on Jan 30, 2023.
             Slain by a worm (10 damage)
             ... on level 2 of the Dungeon.
             The game lasted 00:01:13 (1023 turns).

BigDaddyOpFi the Conjurer (Octopode Conjurer)       Turns: 1023, Time: 00:01:14

Health: -3/21      AC:  1    Str:  6    XL:     3   Next: 37%
Magic:  1/6        EV: 13    Int: 22    God:
Gold:   80         SH:  0    Dex: 10    Spells: 5/6 levels left

rFire   + . .      SeeInvis .    (no weapon)
rCold   . . .      Faith    .    (no shield)
rNeg    . . .      Spirit   .    (helmet restricted)
rPois   .          Reflect  .    (no amulet)
rElec   .          Harm     .    a - ring of protection from fire
rCorr   .          Rampage  .    (no ring)
Will    .....                    (no ring)
Stlth   +++                      (no ring)
HPRegen 0.23/turn                (no ring)
MPRegen 0.10/turn                (no ring)
                                 (no ring)
                                 (no ring)

@: no status effects
A: almost no armour, amphibious, 8 rings, camouflage 1, gelatinous body 1,
(nimble swimmer 1), tentacles
a: no special abilities


You were on level 2 of the Dungeon.
You visited 1 branch of the dungeon, and saw 2 of its levels.

You collected 80 gold pieces.

Inventory:

Jewellery
 a - a ring of protection from fire (left tentacle)
Scrolls
 e - a scroll of identify {unknown}
 g - a scroll of magic mapping {unknown}
Potions
 b - a potion of flight {unknown}
 c - 2 potions of mutation {unknown}
 d - a potion of curing {unknown}
 f - a potion of might {unknown}
 h - a potion of berserk rage {unknown}


   Skills:
 - Level 2.4 Dodging
 - Level 3.3 Stealth
 + Level 2.4 Spellcasting
 + Level 4.3 Conjurations


You had 5 spell levels left.
You knew the following spells:

 Your Spells              Type           Power      Damage    Failure   Level
a - Magic Dart            Conj           84%        1d7       2%          1

Your spell library contained the following spells:

 Spells                   Type           Power      Damage    Failure   Level
 Searing Ray              Conj           42%        2d6       3%          2
 Dazzling Flash           Conj/Hex       24%        N/A       16%         3
 Inner Flame              Hex/Fire       2%         N/A       36%         3
 Ozocubu's Armour         Ice            2%         N/A       36%         3
 Fulminant Prism          Conj/Hex       6%         3d7       47%         4
 Iskenderun's Mystic Bla  Conj/Tloc      12%        2d5       47%         4
 Cause Fear               Hex            1%         N/A       78%         4
 Ozocubu's Refrigeration  Ice            1%         4d7       100%        7
 Discord                  Hex            1%         N/A       100%        8


Dungeon Overview and Level Annotations

Branches:
Dungeon (2/15)

Altars:

Annotations:
D:2 Sigmund


Innate Abilities, Weirdness & Mutations

You cannot wear most types of armour.
You are amphibious.
You can wear up to eight rings at the same time.
Your skin changes colour to match your surroundings (Stealth+).
Your rubbery body absorbs attacks. (AC +1, EV +1)
((You are camouflaged when in or above water. (Stealth+)))
You have tentacles for arms and can constrict up to eight enemies at once.


Message History

The magic dart hits the bat.
The bat is severely wounded.
The magic dart hits the bat.
You kill the bat!
The magic dart hits the kobold but does no damage.
The kobold shouts!
Found 14 gold pieces and a dagger.
The magic dart hits the kobold.
The kobold is severely wounded.
Sigmund the Dreaded comes into view.
He is wielding a +2 scythe of flaming.
Your magical contamination has completely faded away.
The magic dart hits the kobold.
You kill the kobold!
You are out of magic!
You are out of magic!
You start resting.
Magic restored.
You start waiting.
A worm comes into view.
The magic dart hits the worm.
The worm is lightly wounded.
The magic dart hits the worm.
The worm is moderately wounded.
The magic dart hits the worm.
The worm is severely wounded.
The magic dart hits the worm.
The worm is severely wounded.
The worm bites you.
The magic dart hits the worm.
The worm is severely wounded.
The worm bites you!
* * * LOW HITPOINT WARNING * * *
You are too injured to fight recklessly!
You tentacle-slap the worm. You grab the worm.
The worm is severely wounded.
You constrict the worm, but do no damage.
You tentacle-slap the worm.
The worm is almost dead.
You constrict the worm. The worm bites you!
You die...

..####...# #.#
#...# #.. #...#
##.# #...# .##
#...###...#
#..........
##.####..###...#
.........# ##
##.####@##
#w#####.##
#).....@..
#.........####
#.#..#..#.#
#$$#.## # #..#.#
.....) ######.


You could see a worm.

Vanquished Creatures
  A worm (D:2)
  2 bats
  3 endoplasms (D:1)
  3 giant cockroaches
  3 hobgoblins
  4 jackals (D:1)
  5 ball pythons
  A frilled lizard (D:1)
  2 goblins (D:1)
  A kobold (D:2)
  5 rats (D:1)
30 creatures vanquished.

Notes
Turn   | Place    | Note
-------+----------+-------------------------------------------
     0 | D:1      | BigDaddyOpFi the Octopode Conjurer began the quest for the
                  | Orb.
     0 | D:1      | Reached XP level 1. HP: 11/11 MP: 3/3
    48 | D:1      | Reached XP level 2. HP: 3/17 MP: 0/5
   599 | D:1      | Reached XP level 3. HP: 21/21 MP: 3/6
   960 | D:2      | Noticed Sigmund
  1023 | D:2      | Slain by a worm

Illustrated notes

Levels and vault maps discovered:
D:1:      amcnicky_arrival_abandoned_market, layout_basic,
          hangedman_decor_peaks_small
D:2:      layout_loops_ring, minmay_tromino_i2, uniq_sigmund, uniq_robin

Skill      XL: |  1 |
---------------+----+-----
Stealth        | 3 |  3.3
Dodging        | |  2.4
Spellcasting   | |  2.4
Conjurations   | |  4.3

Action                     || total
---------------------------++-------
  Melee: Unarmed           ||    24
         Tentacles         ||     7
         Constrict         ||     5
   Cast: Magic Dart        ||    56
    Use: Potion            ||     1
 Armour: Skin              ||     2
  Dodge: Dodged            ||    15

Table legend: (Time is in decaauts)
 A = Elapsed time spent in this place.
 B = Non-inter-level travel time spent in this place.
 C = Inter-level travel time spent in this place.
 D = Time resting spent in this place.
 E = Time spent auto-exploring this place.
 F = Levels seen in this place.
 G = Mean time per level.
                   A        B        C        D        E       F      G
               +--------+--------+--------+--------+--------+-----+--------+
         Total |   1022 |   1012 |     10 |     52 |    820 |   2 |  511.0 |
       Dungeon |   1022 |   1012 |     10 |     52 |    820 |   2 |  511.0 |
               +--------+--------+--------+--------+--------+-----+--------+

Top non-repeatable levels by time:
     D:1: 820 daAuts
     D:2: 201 daAuts
